APP
BRISTOL PIRATES @ WASHINGTON (APP) NATIONALS
10/09/2047
 
TOP OF THE 1ST
Bristol Pirates batting - Pitching for Philadelphia (APP) Phillies : LHP Jesus Barajas
Pitching: LHP Jesus Barajas
Batting: RHB Jesse Marvel 0-0: Called Strike
0-1: Foul Ball, location: 2F
0-2: Ball
1-2: SINGLE (Line Drive, 9S, EV 93.8 MPH)
Batting: LHB Jeremy Weatherly 0-0: Called Strike
0-1: Fly out, F9 (Flyball, 89M, EV 85.0 MPH)
Batting: RHB Bahiyy al Din bin Mamdouh 0-0: SINGLE (Groundball, 56D, EV 102.5 MPH)
Jesse Marvel to second
Batting: SHB Evan Gittleson 0-0: Ball
1-0: Foul Ball, location: 2F
1-1: Grounds into double play, 4-6-3 (Groundball, 4, EV 89.4 MPH)
Top of the 1st over - 0 runs, 2 hits, 0 errors, 1 left on base; Bristol 0 - Philadelphia (APP) 0
BOTTOM OF THE 1ST
Philadelphia (APP) Phillies batting - Pitching for Bristol Pirates : RHP Jeff Hawkins
Pitching: RHP Jeff Hawkins
Batting: RHB Harvey Harvey 0-0: Called Strike
0-1: Ball
1-1: Foul Ball, location: 2F
1-2: Foul Ball, location: 2F
1-2: SINGLE (Line Drive, 56, EV 93.8 MPH)
Batting: LHB Charlie Cook 0-0: Called Strike
Harvey Harvey steals 2nd base
0-1: Ground out 5-3 (Groundball, 56S, EV 86.3 MPH)
Batting: LHB Joel Urquiza 0-0: Fly out, F8 (Flyball, 8LXD, EV 92.5 MPH)
Runner from 2nd tags up, SAFE at 3rd, no throw by CF
Batting: RHB John Gray 0-0: Ball
1-0: Foul Ball, location: 2F
1-1: Foul Ball, location: 2F
1-2: Fly out, F8 (Flyball, 8LS, EV 95.6 MPH)
Bottom of the 1st over - 0 runs, 1 hit, 0 errors, 1 left on base; Bristol 0 - Philadelphia (APP) 0
TOP OF THE 2ND
Bristol Pirates batting - Pitching for Philadelphia (APP) Phillies : LHP Jesus Barajas
Batting: SHB Mike Jorgenson 0-0: SINGLE (Groundball, 56, EV 96.9 MPH) (infield hit)
Batting: RHB Dave Riemer 0-0: Called Strike
0-1: Called Strike
0-2: Ball
1-2: Strikes out looking
Batting: RHB J.D. Martin 0-0: Ball
1-0: Called Strike
1-1: Ball
2-1: Called Strike
2-2: Ball
3-2: Ground out 5-3 (Groundball, 56, EV 86.3 MPH)
Mike Jorgenson to second
Batting: RHB Sean Magnus 0-0: Ball
1-0: Foul Ball, location: 2F
1-1: Ball
2-1: Called Strike
2-2: Strikes out swinging
Top of the 2nd over - 0 runs, 1 hit, 0 errors, 1 left on base; Bristol 0 - Philadelphia (APP) 0
BOTTOM OF THE 2ND
Philadelphia (APP) Phillies batting - Pitching for Bristol Pirates : RHP Jeff Hawkins
Batting: RHB David Rivera 0-0: Called Strike
0-1: Foul Ball, location: 2F
0-2: Foul Ball, location: 2F
0-2: Strikes out looking
Batting: RHB Kiyoshi Okazaki 0-0: Swinging Strike
0-1: Ball
1-1: Ball
2-1: Called Strike
2-2: Ball
3-2: Ground out U3 (Groundball, 3, EV 98.1 MPH)
Batting: RHB Rafael Pena 0-0: Foul Ball, location: 2F
0-1: Ball
1-1: Foul Ball, location: 2F
1-2: Ball
2-2: Foul Ball, location: 2F
2-2: Fly out, F3 (Popup, 3F, EV 62.5 MPH)
Bottom of the 2nd over - 0 runs, 0 hits, 0 errors, 0 left on base; Bristol 0 - Philadelphia (APP) 0
TOP OF THE 3RD
Bristol Pirates batting - Pitching for Philadelphia (APP) Phillies : LHP Jesus Barajas
Batting: RHB Jeff Hawkins 0-0: Ground out U3 (Groundball, 34, EV 89.4 MPH)
Batting: RHB Jesse Marvel 0-0: Called Strike
0-1: Reached on error, E1 (Groundball, 13S, EV 61.9 MPH)
Batting: LHB Jeremy Weatherly 0-0: Ball
1-0: Called Strike
1-1: Ball
Wild Pitch!
Jesse Marvel to second
2-1: Foul Ball, location: 2F
2-2: Foul Ball, location: 2F
2-2: Foul Ball, location: 2F
2-2: Strikes out swinging
Batting: RHB Bahiyy al Din bin Mamdouh 0-0: Ball
1-0: Called Strike
1-1: Ball
2-1: SINGLE (Line Drive, 78S, EV 92.5 MPH)
Jesse Marvel to third
Runner from 3rd tries for Home, SAFE, no throw by LF
Batting: SHB Evan Gittleson 0-0: Foul Ball, location: 2F
0-1: Ball
1-1: Fly out, F3 (Line Drive, 3, EV 67.5 MPH)
Top of the 3rd over - 1 run, 1 hit, 1 error, 1 left on base; Bristol 1 - Philadelphia (APP) 0
BOTTOM OF THE 3RD
Philadelphia (APP) Phillies batting - Pitching for Bristol Pirates : RHP Jeff Hawkins
Batting: RHB Jose Andrade 0-0: Ball
1-0: Ball
2-0: Ball
3-0: Called Strike
3-1: SINGLE (Groundball, 4S, EV 65.0 MPH) (infield hit)
Batting: LHB Jesus Barajas 0-0: Bunted foul
0-1: Bunted foul
0-2: Ball
1-2: Bunted foul, Strikeout!
Batting: RHB Harvey Harvey 0-0: Ball
1-0: Ball
2-0: Fielders Choice at 2nd, 6-4 (Groundball, 56, EV 100.6 MPH)
Batting: LHB Charlie Cook 0-0: Called Strike
0-1: Called Strike
0-2: Ball
1-2: Ball
2-2: Foul Ball, location: 2F
2-2: Strikes out swinging
Bottom of the 3rd over - 0 runs, 1 hit, 0 errors, 1 left on base; Bristol 1 - Philadelphia (APP) 0
TOP OF THE 4TH
Bristol Pirates batting - Pitching for Philadelphia (APP) Phillies : LHP Jesus Barajas
Batting: SHB Mike Jorgenson 0-0: Ball
1-0: Swinging Strike
1-1: Called Strike
1-2: Strikes out swinging
Batting: RHB Dave Riemer 0-0: Called Strike
0-1: Ground out 6-3 (Groundball, 6, EV 89.4 MPH)
Batting: RHB J.D. Martin 0-0: Ground out 6-3 (Groundball, 6, EV 88.1 MPH)
Top of the 4th over - 0 runs, 0 hits, 0 errors, 0 left on base; Bristol 1 - Philadelphia (APP) 0
BOTTOM OF THE 4TH
Philadelphia (APP) Phillies batting - Pitching for Bristol Pirates : RHP Jeff Hawkins
Batting: LHB Joel Urquiza 0-0: DOUBLE (Line Drive, 89M, EV 97.5 MPH)
Batting: RHB John Gray 0-0: Ball
1-0: Ball
2-0: SINGLE (Groundball, 6MD, EV 101.3 MPH)
Joel Urquiza to third
Batting: RHB David Rivera 0-0: Ball
1-0: Swinging Strike
1-1: Ball
2-1: Called Strike
2-2: Foul Ball, location: 2F
2-2: SINGLE (Groundball, 34D, EV 97.5 MPH)
Joel Urquiza scores
John Gray to second
Runner from 2nd tries for 3rd, SAFE, no throw by RF
Batting: RHB Kiyoshi Okazaki 0-0: Ball
1-0: Ball
2-0: Ball
3-0: Called Strike
3-1: Grounds into double play, 6-4-3 (Groundball, 6, EV 88.1 MPH)
John Gray scores
Batting: RHB Rafael Pena 0-0: Ball
1-0: Called Strike
1-1: Ball
2-1: DOUBLE (Groundball, 3L, EV 100.6 MPH)
Batting: RHB Jose Andrade 0-0: Fly out, F7 (Line Drive, 7, EV 95.6 MPH)
Bottom of the 4th over - 2 runs, 4 hits, 0 errors, 1 left on base; Bristol 1 - Philadelphia (APP) 2
TOP OF THE 5TH
Bristol Pirates batting - Pitching for Philadelphia (APP) Phillies : LHP Jesus Barajas
Batting: RHB Sean Magnus 0-0: Fly out, F9 (Flyball, 9LS, EV 80.6 MPH)
Batting: RHB Jeff Hawkins 0-0: Foul Ball, location: 2F
0-1: Called Strike
0-2: Strikes out looking
Batting: RHB Jesse Marvel 0-0: Swinging Strike
0-1: Fly out, F9 (Flyball, 9LM, EV 95.0 MPH)
Top of the 5th over - 0 runs, 0 hits, 0 errors, 0 left on base; Bristol 1 - Philadelphia (APP) 2
BOTTOM OF THE 5TH
Philadelphia (APP) Phillies batting - Pitching for Bristol Pirates : RHP Jeff Hawkins
Batting: LHB Jesus Barajas 0-0: Foul Ball, location: 2F
0-1: Ball
1-1: SINGLE (Groundball, 3D, EV 100.6 MPH)
Batting: RHB Harvey Harvey 0-0: Ball
1-0: Called Strike
1-1: Reached on error, E6 (Groundball, 6, EV 104.4 MPH)
Jesus Barajas to second
Batting: LHB Charlie Cook 0-0: Called Strike
0-1: Ball
1-1: Swinging Strike
1-2: Strikes out swinging
Batting: LHB Joel Urquiza 0-0: Called Strike
0-1: Foul Ball, location: 2F
0-2: Grounds into double play, 4-6-3 (Groundball, 4, EV 85.6 MPH)
Bottom of the 5th over - 0 runs, 1 hit, 1 error, 1 left on base; Bristol 1 - Philadelphia (APP) 2
TOP OF THE 6TH
Bristol Pirates batting - Pitching for Philadelphia (APP) Phillies : LHP Jesus Barajas
Batting: LHB Jeremy Weatherly 0-0: Ball
1-0: Swinging Strike
1-1: Ball
2-1: Foul Ball, location: 2F
2-2: Strikes out swinging
Batting: RHB Bahiyy al Din bin Mamdouh 0-0: Called Strike
0-1: Foul Ball, location: 2F
0-2: Fly out, F3 (Popup, 3SF, EV 82.5 MPH)
Batting: SHB Evan Gittleson 0-0: Ball
1-0: Called Strike
1-1: Foul Ball, location: 2F
1-2: Ball
2-2: Foul Ball, location: 2F
2-2: Fly out, F7 (Flyball, 7D, EV 86.9 MPH)
Top of the 6th over - 0 runs, 0 hits, 0 errors, 0 left on base; Bristol 1 - Philadelphia (APP) 2
BOTTOM OF THE 6TH
Philadelphia (APP) Phillies batting - Pitching for Bristol Pirates : RHP Jeff Hawkins
Batting: RHB John Gray 0-0: Called Strike
0-1: Ball
1-1: Ball
2-1: Swinging Strike
2-2: Ball
3-2: Foul Ball, location: 2F
3-2: Base on Balls
Batting: RHB David Rivera 0-0: Called Strike
0-1: Fielders Choice at 2nd, 6-4 (Groundball, 6, EV 106.3 MPH)
Batting: RHB Kiyoshi Okazaki 0-0: Foul Ball, location: 2F
0-1: Ball
1-1: Swinging Strike
1-2: SINGLE (Line Drive, 56D, EV 96.9 MPH)
David Rivera to second
Pitching: LHP Lettel Schroeder
Batting: RHB Rafael Pena 0-0: Called Strike
0-1: Foul Ball, location: 2F
0-2: Strikes out swinging
Batting: RHB Jose Andrade 0-0: Ball
1-0: Ball
2-0: Fly out, F7 (Flyball, 7LD, EV 97.5 MPH)
Bottom of the 6th over - 0 runs, 1 hit, 0 errors, 2 left on base; Bristol 1 - Philadelphia (APP) 2
TOP OF THE 7TH
Bristol Pirates batting - Pitching for Philadelphia (APP) Phillies : LHP Jesus Barajas
Batting: SHB Mike Jorgenson 0-0: SINGLE (Groundball, 6MD, EV 100.0 MPH)
Pinch Hitting: RHB Rafael Orta 0-0: Called Strike
0-1: Swinging Strike
0-2: Strikes out swinging
Pinch Hitting: RHB Fred Cade 0-0: Foul Ball, location: 2F
0-1: Ball
1-1: Ball
2-1: Ball
Mike Jorgenson steals 2nd base
3-1: Foul Ball, location: 2F
3-2: Foul Ball, location: 2F
3-2: Strikes out swinging
Pinch Hitting: RHB Robert Contreras 0-0: SINGLE (Groundball, 34S, EV 85.6 MPH) (infield hit)
Mike Jorgenson to third
Pinch Hitting: LHB Cody Luce 0-0: Ball
1-0: Ball
2-0: Swinging Strike
2-1: Foul Ball, location: 2F
2-2: Strikes out looking
Top of the 7th over - 0 runs, 2 hits, 0 errors, 2 left on base; Bristol 1 - Philadelphia (APP) 2
BOTTOM OF THE 7TH
Philadelphia (APP) Phillies batting - Pitching for Bristol Pirates : LHP Lettel Schroeder
Pitching: RHP Pat Mitchell
Now at 3B: Cody Luce
Now at SS: Rafael Orta
Now in RF: Fred Cade
Pinch Hitting: RHB Robert Anderson 0-0: Called Strike
0-1: Called Strike
0-2: Ball
1-2: Strikes out swinging
Batting: RHB Harvey Harvey 0-0: Ball
1-0: Ball
2-0: Ball
3-0: Called Strike
3-1: Base on Balls
Batting: LHB Charlie Cook 0-0: Ball
Harvey Harvey steals 2nd base
1-0: Swinging Strike
1-1: Ground out 6-3 (Groundball, 6, EV 87.5 MPH)
Harvey Harvey to third
Batting: LHB Joel Urquiza 0-0: Intentional Walk
Batting: RHB John Gray 0-0: Called Strike
0-1: Ball
1-1: Swinging Strike
1-2: Strikes out swinging
Bottom of the 7th over - 0 runs, 0 hits, 0 errors, 2 left on base; Bristol 1 - Philadelphia (APP) 2
TOP OF THE 8TH
Bristol Pirates batting - Pitching for Philadelphia (APP) Phillies : LHP Jesus Barajas
Pitching: LHP Jonah Huot
Batting: RHB Jesse Marvel 0-0: Ball
1-0: Foul Ball, location: 2F
1-1: Ball
2-1: Ball
3-1: Ground out 1-3 (Groundball, 34S, EV 66.9 MPH)
Batting: LHB Jeremy Weatherly 0-0: Ball
1-0: Foul Ball, location: 2F
1-1: SINGLE (Groundball, 4MD, EV 99.4 MPH)
Pitching: RHP Jim Belan
Batting: RHB Bahiyy al Din bin Mamdouh 0-0: Ball
1-0: Ball
2-0: Ball
3-0: Base on Balls
Jeremy Weatherly to second
Batting: SHB Evan Gittleson 0-0: Ball
1-0: Foul Ball, location: 2F
1-1: Ball
2-1: Ball
3-1: Foul Ball, location: 2F
3-2: Foul Ball, location: 2F
3-2: Foul Ball, location: 2F
3-2: Base on Balls
Jeremy Weatherly to third
Bahiyy al Din bin Mamdouh to second
Batting: SHB Mike Jorgenson 0-0: Foul Ball, location: 2F
0-1: Called Strike
0-2: Ball
1-2: Foul Ball, location: 2F
1-2: Ball
2-2: Foul Ball, location: 2F
2-2: DOUBLE (Line Drive, 7LD, EV 110.0 MPH)
Jeremy Weatherly scores
Bahiyy al Din bin Mamdouh scores
Evan Gittleson to third
Batting: RHB Rafael Orta 0-0: Intentional Walk
Batting: RHB Fred Cade 0-0: Swinging Strike
0-1: Ball
1-1: Ball
2-1: Foul Ball, location: 2F
2-2: Ball
3-2: Strikes out swinging
Pinch Hitting: RHB Oscar Castillo 0-0: Fly out, F7 (Flyball, 78D, EV 95.6 MPH)
Top of the 8th over - 2 runs, 2 hits, 0 errors, 3 left on base; Bristol 3 - Philadelphia (APP) 2
BOTTOM OF THE 8TH
Philadelphia (APP) Phillies batting - Pitching for Bristol Pirates : RHP Pat Mitchell
Pitching: RHP Trevor Albert
Batting: RHB David Rivera 0-0: Called Strike
0-1: Swinging Strike
0-2: Ball
1-2: Foul Ball, location: 2F
1-2: Foul Ball, location: 2F
1-2: Strikes out swinging
Batting: RHB Kiyoshi Okazaki 0-0: Fly out, F8 (Flyball, 8LM, EV 93.1 MPH)
Batting: RHB Rafael Pena 0-0: Called Strike
0-1: SINGLE (Groundball, 34D, EV 98.1 MPH)
Batting: RHB Jose Andrade 0-0: Ball
1-0: Swinging Strike
1-1: Ball
2-1: Ball
3-1: Foul Ball, location: 2F
3-2: Strikes out swinging
Bottom of the 8th over - 0 runs, 1 hit, 0 errors, 1 left on base; Bristol 3 - Philadelphia (APP) 2
TOP OF THE 9TH
Bristol Pirates batting - Pitching for Philadelphia (APP) Phillies : RHP Jim Belan
Pitching: RHP Dave Galvez
Batting: LHB Cody Luce 0-0: Foul Ball, location: 2F
0-1: Called Strike
0-2: Strikes out swinging
Batting: RHB Jesse Marvel 0-0: Ground out 1-3 (Groundball, 13S, EV 68.8 MPH)
Batting: LHB Jeremy Weatherly 0-0: Ball
1-0: Called Strike
1-1: Foul Ball, location: 2F
1-2: SINGLE (Groundball, 3D, EV 97.5 MPH)
Batting: RHB Bahiyy al Din bin Mamdouh 0-0: Called Strike
0-1: Foul Ball, location: 2F
0-2: Ball
1-2: Strikes out swinging
Top of the 9th over - 0 runs, 1 hit, 0 errors, 1 left on base; Bristol 3 - Philadelphia (APP) 2
BOTTOM OF THE 9TH
Philadelphia (APP) Phillies batting - Pitching for Bristol Pirates : RHP Trevor Albert
Pinch Hitting: LHB Otte van Haarlem 0-0: Ball
1-0: Ball
2-0: Ball
3-0: Swinging Strike
3-1: Foul Ball, location: 2F
3-2: Foul Ball, location: 2F
3-2: Strikes out looking
Pitching: LHP Tony Sacramento
Batting: RHB Harvey Harvey 0-0: Called Strike
0-1: Called Strike
0-2: Ball
1-2: Ball
2-2: Strikes out swinging
Pinch Hitting: RHB Carlos Horn 0-0: Called Strike
0-1: Called Strike
0-2: Strikes out swinging
Bottom of the 9th over - 0 runs, 0 hits, 0 errors, 0 left on base; Bristol 3 - Philadelphia (APP) 2
Thursday, December 15th , 2022 - OOTP Baseball 23.9 Build 102